 Dungeon Crawl Stone Soup version 0.18-a0-1514-g6ed9364 (webtiles) character file.

40 Sargon the Digger (level 3, -8/19 HPs)
             Began as a Gargoyle Earth Elementalist on Mar 6, 2016.
             Killed from afar by Fabri's ghost (10 damage)
             ... with a magic dart
             ... on level 3 of the Dungeon.
             The game lasted 00:06:29 (1201 turns).

Sargon the Digger (Gargoyle Earth Elementalist)     Turns: 1201, Time: 00:06:29

Health: -8/19      AC:  5    Str: 11    XL:     3   Next: 50%
Magic:  4/6        EV:  7    Int: 16    God:
Gold:   142        SH:  0    Dex: 12    Spells: 2 memorised, 2 levels left

rFire  . . .     SeeInvis .     b - 88 stones
rCold  . . .     Gourm    .     a - +0 robe
rNeg   + . .     Faith    .     (no shield)
rPois  ∞         Spirit   .     (no helmet)
rElec  +         Dismiss  .     (no cloak)
rCorr  .         Reflect  .     (no gloves)
SustAt .         Harm     .     (no boots)
MR     .....                    (no amulet)
Stlth  ++........               (no ring)
                                h - +2 ring of dexterity

@: not resistant to hostile enchantments, unstealthy
A: negative energy resistance 1, electricity resistance, unbreathing,
petrification resistance, rot immunity, AC +3
a: no special abilities


You were on level 3 of the Dungeon.
You were not hungry.

You visited 1 branch of the dungeon, and saw 3 of its levels.

You collected 142 gold pieces.

Inventory:

Missiles
 b - 88 stones (in hand)
Armour
 a - a +0 robe (worn)
Jewellery
 h - a +2 ring of dexterity (left hand)
Scrolls
 j - 2 scrolls of fear {unknown}
 k - 2 scrolls of identify {unknown}
 m - a scroll of amnesia {unknown}
 n - a scroll of remove curse {unknown}
 o - a scroll of enchant weapon {unknown}
 q - a scroll of fog {unknown}
 s - a scroll of recharging {unknown}
Potions
 e - a potion of mutation {unknown}
 g - a potion of lignification {unknown}
 l - 2 potions of curing {unknown}
 r - a potion of brilliance {unknown}
Books
 c - a book of Geomancy

   Spells                             Type                      Level
   a - Sandblast                      Earth                        1
   b - Passwall                       Transmutation/Earth          2
   c - Stone Arrow                    Conjuration/Earth            3
   d - Petrify                        Transmutation/Earth          4
   e - Lee's Rapid Deconstruction     Earth                        5
Comestibles
 d - a bread ration
 f - 2 fruits
 i - a royal jelly
 p - a chunk of flesh


   Skills:
 - Level 1.5 Dodging
 - Level 2.1 Stealth
 + Level 2.3 Spellcasting
 * Level 0.2 Conjurations
   Level 0.7 Transmutations
 - Level 5.0 Earth Magic


You had 2 spell levels left.
You knew the following spells:

 Your Spells              Type           Power        Failure   Level  Hunger
a - Sandblast             Erth           ###...       2%          1    #......
b - Stone Arrow           Conj/Erth      ##....       21%         3    ###....


Dungeon Overview and Level Annotations

Branches:
Dungeon (3/15)

Altars:
Kikubaaqudgha
Trog

Annotations:
D:3 Fabri's ghost, amateur OgWz


Innate Abilities, Weirdness & Mutations

You are resistant to torment.
Your stone body is resilient (AC +3).
You are immune to poison.
You resist negative energy.
You are resistant to electric shocks.
You can survive without breathing.
You are immune to petrification.
You are immune to rotting.


Message History

You kill the hobgoblin!
Casting: Sandblast
Confirm with . or Enter, or press ? or * to list all spells.
You don't know that spell.
Fabri's ghost turns its malevolent gaze towards you.
Fabri's ghost gestures at you while chanting.
The magic dart hits you!
Ouch! That really hurt!
Fabri's ghost gestures at you while chanting.
The magic dart hits you!
* * * LOW HITPOINT WARNING * * *
Fabri's ghost casts a spell at you. The magic dart hits you!
* * * LOW HITPOINT WARNING * * *
A hound skeleton comes into view.
There is a stone staircase leading up here.
Fabri's ghost points at you and mumbles some strange words.
The magic dart hits you!
Ouch! That really hurt!
You die...

###.....#...........#....K.#
........#.##..###.............
###.......##..# #.###.#.....##
#.#+##.#....###.###. .#...# #.
#.#....#...##.. ....... #
#.##.#......#.# .##....
#...#...#.#.##.# ....
#.§.#........#.#..#
#...#.#.#.@....†..#
#._.#...#......#.##
#...#.#........≈...
#####.#....#..≈≈≈≈.#
#.......W≈≈≈.# #...###.≈≈Z≈.#
#... ..≈≈≈≈.# ##.. ...≈...#


You could see Fabri's ghost and a hound skeleton.

Vanquished Creatures
  An adder (D:2)
  An ooze (D:1)
  3 ball pythons
  A bat (D:2)
  4 hobgoblins
  2 jackals
  2 giant newts
  6 goblins
  2 kobolds
  4 rats
26 creatures vanquished.

Notes
Turn   | Place    | Note
--------------------------------------------------------------
     0 | D:1      | Sargon the Gargoyle Earth Elementalist began the quest for the Orb.
     0 | D:1      | Reached XP level 1. HP: 10/10 MP: 3/3
   167 | D:1      | Reached skill level 4 in Earth Magic
   184 | D:1      | Reached XP level 2. HP: 15/15 MP: 0/5
   556 | D:2      | Reached XP level 3. HP: 15/19 MP: 1/6
   600 | D:2      | Found an ancient bone altar of Kikubaaqudgha.
   959 | D:2      | Reached skill level 5 in Earth Magic
  1084 | D:2      | Learned a level 3 spell: Stone Arrow
  1086 | D:3      | Noticed Fabri's ghost (amateur OgWz)
  1172 | D:3      | Found a bloodstained altar of Trog.
  1201 | D:3      | Killed from afar by Fabri's ghost

Vault maps used:
D:1:      dpeg_arrival_orchard
D:2:      kiku_gazebo_garden_becter, grunt_decor_arrowhead
D:3:      serial_undead, serial_undead_a, serial_undead_a, serial_undead_f,
          serial_undead_f, serial_undead_f, serial_undead_d, trog_book,
          uniq_grinder

Skill      XL: |  1  2  3 |
---------------+----------+-----
Earth Magic    | 4 5 |  5.0
Dodging        | |  1.5
Stealth        | |  2.1
Spellcasting   | |  2.3
Conjurations   | |  0.2
Transmutations | |  0.7

Action                   || total
-------------------------++-------
 Cast: Sandblast         ||    41
  Eat: Chunk             ||     1
